 Dungeon Crawl Stone Soup version 0.28.0-53-g5a82cb258f (webtiles) character file.

Game seed: 4078043322631144171

93 Gabide the Grave Robber (level 4, -1/34 HPs)
             Began as a Mummy Necromancer on May 26, 2022.
             Slain by a phantom (8 damage)
             ... on level 1 of the Dungeon.
             The game lasted 00:03:46 (1843 turns).

Gabide the Grave Robber (Mummy Necromancer)         Turns: 1843, Time: 00:03:47

Health: -1/34      AC:  3    Str: 11    XL:     4   Next: 37%
Magic:  5/8        EV: 12    Int: 16    God:
Gold:   75         SH:  0    Dex: 12    Spells: 8/9 levels left

rFire   x . .      SeeInvis .   h - +0 club
rCold   + . .      Faith    .   (no shield)
rNeg    + + +      Spirit   .   a - +1 robe
rPois   ∞          Reflect  .   (no helmet)
rElec   .          Harm     .   (no cloak)
rCorr   .          Rampage  .   (no gloves)
Will    .....                   (no boots)
Stlth   ++........              (no amulet)
HPRegen 0.11/turn               (no ring)
MPRegen 0.11/turn               (no ring)

@: about to teleport
A: cold resistance 1, negative energy resistance 3, torment resistance 2, heat
vulnerability 1, no potions
a: no special abilities


You were on level 1 of the Dungeon.
You visited 1 branch of the dungeon, and saw 2 of its levels.

You collected 75 gold pieces.

Inventory:

Hand Weapons
 h - a +0 club (weapon)
Armour
 a - a +1 robe (worn)
Scrolls
 b - a scroll of amnesia
 c - a scroll of blinking
 f - a scroll of identify
 i - a scroll of summoning {unknown}
 j - a scroll of vulnerability {unknown}


   Skills:
 - Level 2.5 Fighting
 + Level 2.2 Maces & Flails
 - Level 1.5 Dodging
 - Level 1.5 Stealth
 - Level 3.0 Spellcasting
 - Level 4.0 Necromancy


You had 8 spell levels left.
You knew the following spells:

 Your Spells              Type           Power      Damage    Failure   Level
a - Pain                  Necr           60%        1d7       3%          1

Your spell library contained the following spells:

 Spells                   Type           Power      Damage    Failure   Level
 Animate Skeleton         Necr           30%        N/A       3%          1
 Vampiric Draining        Necr           15%        2d7       11%         3
 Apportation              Tloc           4%         N/A       19%         1
 Summon Small Mammal      Summ           8%         N/A       19%         1
 Animate Dead             Necr           7%         N/A       34%         4
 Agony                    Necr           15%        N/A       69%         5


Dungeon Overview and Level Annotations

Branches:
Dungeon (2/15)

Altars:


Innate Abilities, Weirdness & Mutations

You are immune to poison.
Your flesh is cold resistant. (rC+)
You are immune to negative energy. (rN+++)
You are immune to unholy pain and torment.
You are vulnerable to heat. (rF-)
You do not drink.


Message History

You are too depleted to draw on your mana recklessly!
Found a purple potion.
The gnoll hits you with a +0 halberd!
You see here a +0 whip.
You hit the gnoll but do no damage. The gnoll hits you with a +0 halberd.
Aiming: Pain (safe; 3% risk of failure)
Press: ? - help, Q - select action Shift-Dir - straight line, f/p - gnoll
Aim: a gnoll, wielding a +0 halberd (chance to affect: 79%)
The gnoll writhes in agony.
The gnoll barely misses you. The gnoll closely misses you.
A phantom comes into view.
As you read the scroll labelled NOAVAK IFEMU, it crumbles to dust.
It is a scroll of identify.
c - a scroll of blinking The gnoll barely misses you.
There is an open door here.
The phantom misses you. The phantom barely misses you.
The phantom hits you but does no damage.
You see here an adder corpse.
The phantom hits you.
There is a stone staircase leading up here.
The phantom closely misses you.
You climb upwards.
There is a stone staircase leading down here.
The phantom hits you!
* * * LOW HITPOINT WARNING * * *
The phantom blinks!
You blink.
As you read the scroll labelled TOOTUJ COXZOEKK, it crumbles to dust.
You hear a loud clanging noise!
It was a scroll of noise.
The phantom hits you.
* * * LOW HITPOINT WARNING * * *
As you read the scroll labelled USEH DUIRIR, it crumbles to dust.
It is a scroll of enchant armour.
Your +0 robe glows green for a moment.
The phantom hits you.
* * * LOW HITPOINT WARNING * * *
As you read the scroll labelled GAAHUGGIOGI, it crumbles to dust.
You feel strangely unstable.
It was a scroll of teleportation.
The phantom hits you!
You die...

### #.####### #.......# #.#####!#
#.#####.# #.#...#.# #.#.#.#.#
#########.#.#.#.#################
................@W...............
........#.#.#.#.#################
#######.#+#.#................#
#...........###########.#
#...........# ######.####
#...........# #..........
#...........# #.#########
#...........######.#########
######..##....................


You could see a phantom.

Vanquished Creatures
  2 gnolls (D:2)
  4 adders (D:2)
  3 dart slugs
  A ball python (D:2)
  3 endoplasms
  A giant cockroach (D:1)
  2 goblins
  A hobgoblin (D:2)
  3 jackals (D:1)
  A kobold (D:2)
  3 quokkas (D:1)
  3 bats (D:1)
  6 rats
33 creatures vanquished.

Notes
Turn   | Place    | Note
-------+----------+-------------------------------------------
     0 | D:1      | Gabide the Mummy Necromancer began the quest for the Orb.
     0 | D:1      | Reached XP level 1. HP: 13/13 MP: 4/4
   346 | D:1      | Reached skill level 1 in Fighting
   422 | D:1      | Reached XP level 2. HP: 12/21 MP: 3/6
  1307 | D:2      | Reached XP level 3. HP: 27/28 MP: 0/7
  1459 | D:2      | Reached skill level 1 in Maces & Flails
  1737 | D:2      | Reached XP level 4. HP: 34/34 MP: 4/8
  1804 | D:2      | Noticed a phantom
  1843 | D:1      | Slain by a phantom

Illustrated notes

Levels and vault maps discovered:
D:1:      dpeg_arrival_castle, layout_basic, minmay_misc_feat_secret_circle
D:2:      layout_basic, shapermc_ecumenical_altar_starsandcircs, uniq_sigmund

Skill      XL: |  1  2  3  4 |
---------------+-------------+-----
Spellcasting   | 3 |  3.0
Fighting       | 1 2 |  2.5
Maces & Flails | 1 2 |  2.2
Dodging        | |  1.5
Stealth        | |  1.5
Necromancy     | |  4.0

Action                   |  1- 3 |  4- 6 || total
-------------------------+-------+-------++-------
Melee: Unarmed           |    11 |       ||    11
       Club              |    12 |     1 ||    13
       Punch             |     1 |       ||     1
 Cast: Pain              |    61 |     9 ||    70
  Use: Scroll            |     1 |     4 ||     5
Armor: Robe              |     7 |     1 ||     8
Dodge: Dodged            |    39 |     8 ||    47
